 Dungeon Crawl Stone Soup version 0.23-a0-14-g8c9a20f (webtiles) character file.

95118 Goblin1989 the Devastator (level 15, -24/103 HPs)
             Began as a Demonspawn Venom Mage on Aug 1, 2018.
             Was a High Priest of Sif Muna.
             Annihilated by an orc knight
             ... wielding a +1 great mace of holy wrath
              (32 damage)
             ... on level 14 of the Dungeon on Aug 2, 2018.
             The game lasted 03:16:10 (32808 turns).

Goblin1989 the Devastator (Demonspawn Venom Mage)  Turns: 32808, Time: 03:16:11

Health: -24/103    AC:  6    Str:  8    XL:     15   Next: 65%
Magic:  0/29       EV: 18    Int: 32    God:    Sif Muna [*****.]
Gold:   1055       SH: 10    Dex: 15    Spells: 6/35 levels left

rFire    + + +     SeeInvis .   a - +9 staff of Olgreb {rPois}
rCold    . . .     Gourm    .   w - +5 buckler "Suatz" {rF+}
rNeg     . . .     Faith    +   i - +0 robe of the Doldrums {rElec rPois rF++ Regen+}
rPois    ∞         Spirit   +   (helmet restricted)
rElec    +         Reflect  .   (no cloak)
rCorr    .         Harm     .   k - +2 pair of gloves of a treasure trove {*Drain +Blink rPois MR+}
MR       ++++.                  N - +0 pair of boots
Stlth    ++........             P - amulet of faith {!P}
HPRegen  0.67/turn              h - +5 ring of intelligence
MPRegen  0.42/turn              v - ring of the Mage {Wiz MR++ Int+3, =R}

@: divine energy, repel missiles
A: antennae 2, repulsion field 3, clever 1, spiny 1, evolution 2, magic shield,
magic regeneration
a: Stop Divine Energy, Channel Magic, Forget Spell, Renounce Religion, Evoke
Blink


You were on level 14 of the Dungeon.
You worshipped Sif Muna.
Sif Muna was extremely pleased with you.
You were very hungry.

You visited 3 branches of the dungeon, and saw 22 of its levels.
You also visited: Labyrinth and Ice Cave.

You collected 2695 gold pieces.
You spent 1640 gold pieces at shops.

Inventory:

Hand Weapons
 a - the +9 staff of Olgreb (weapon) {rPois}
   (You found it on level 13 of the Dungeon)

   It protects you from poison.
 b - a +8 dagger of chaos
Missiles
 y - 7 tomahawks of dispersal (quivered)
 J - 2 javelins of penetration {@Q2}
 Z - 2 throwing nets {!d , @Q1}
Armour
 i - the +0 robe of the Doldrums (worn) {rElec rPois rF++ Regen+}
   (You bought it in a shop on level 2 of the Orcish Mines)

   It greatly protects you from fire.
   It insulates you from electricity.
   It protects you from poison.
   It increases your rate of regeneration.
 k - the +2 pair of gloves of a treasure trove (worn) {*Drain +Blink rPois MR+}
   (You bought it in a shop on level 2 of the Orcish Mines)

   It protects you from poison.
   It affects your resistance to hostile enchantments.
   It lets you blink.
   It causes draining when unequipped.
 w - the +5 buckler "Suatz" (worn) {rF+}
   (You found it on level 13 of the Dungeon)

   It protects you from fire.
 N - a +0 pair of boots (worn)
Jewellery
 h - a +5 ring of intelligence (left hand)
 r - a +5 amulet of reflection
 v - the ring of the Mage (right hand) {Wiz MR++ Int+3, =R}
   (You found it on level 1 of the Lair of Beasts)

   [ring of wizardry]

   It improves your spell success rate.
   It affects your intelligence (+3).
   It affects your resistance to hostile enchantments.
 x - an uncursed ring of protection from fire {unknown}
 E - the amulet of the Air {Inacc +Fly rElec EV+5 RMsl}
   (You found it in a labyrinth)

   [amulet of inaccuracy]

   It reduces the accuracy of all your attacks.
   It affects your evasion (+5).
   It insulates you from electricity.
   It lets you fly.
   It protects you from missiles.
 K - an uncursed ring of positive energy
 P - an amulet of faith (around neck) {!P}
Wands
 F - a wand of disintegration (13)
 O - a wand of digging (27) {@v1}
 R - a wand of scattershot (4) {@v5}
 S - a wand of clouds (4) {@v3}
 Y - a wand of flame (45) {@v6}
Scrolls
 l - 6 scrolls of fog
 m - 13 scrolls of remove curse {@r3}
 u - 2 scrolls of amnesia
 B - a scroll of blinking
 G - a scroll of fear
 I - a scroll of enchant armour
 M - 5 scrolls of magic mapping
 T - 12 scrolls of teleportation {!r, @r2}
Potions
 n - 2 potions of ambrosia
 o - a potion of cancellation
 q - a potion of brilliance
 s - 2 potions of magic
 z - 9 potions of curing {@q1}
 A - 2 potions of heal wounds {@q2}
 C - 6 potions of lignification
 D - 3 potions of agility {@q5}
 L - 3 potions of flight
 Q - 5 potions of mutation {!q}
 U - 3 potions of haste {@q3,}
 V - 2 potions of invisibility
Miscellaneous
 W - a phantom mirror
Comestibles
 e - 23 rations


   Skills:
 - Level 5.0 Fighting
   Level 0.7 Maces & Flails
 + Level 4.1 Dodging
 - Level 1.7 Stealth
 - Level 4.1 Shields
 + Level 10.5 Spellcasting
 * Level 15.1 Conjurations
 - Level 4.8 Hexes
 + Level 6.3 Summonings
 * Level 12.7 Earth Magic
 - Level 10.0 Poison Magic
 - Level 8.0 Invocations


You had 6 spell levels left.
You knew the following spells:

 Your Spells              Type           Power        Failure   Level  Hunger
a - Iron Shot             Conj/Erth      #######...   1%          6    #####..
c - Olgreb's Toxic Radia  Pois           #######.     1%          4    None
d - Spellforged Servitor  Conj/Summ      ######....   12%         7    ######.
e - Fulminant Prism       Conj/Hex       ######....   1%          4    None
f - Lehudib's Crystal Sp  Conj/Erth      #######...   26%         8    #######

Your spell library contained the following spells:

 Spells                   Type           Power        Failure   Level  Hunger
 Cause Fear               Hex            #####.....   1%          4    None
 Apportation              Tloc           ###...       1%          1    None
 Lightning Bolt           Conj/Air       ######....   1%          5    ###....
 Bolt of Magma            Conj/Fire/Erth ######....   1%          5    ###....
 Confuse                  Hex            #####...     1%          3    None
 Invisibility             Hex            #####...     24%         6    #####..
 Mephitic Cloud           Conj/Pois/Air  #######.     1%          3    None
 Venom Bolt               Conj/Pois      #######...   1%          5    ###....
 Summon Small Mammal      Summ           ####         1%          1    None
 Iskenderun's Mystic Bla  Conj           #######.     1%          4    None
 Animate Dead             Necr           N/A          12%         4    None
 Pain                     Necr           ###.         1%          1    None
 Animate Skeleton         Necr           N/A          1%          1    None
 Vampiric Draining        Necr           ###.......   3%          3    None
 Freeze                   Ice            ###.         1%          1    None
 Summon Ice Beast         Ice/Summ       #####...     3%          4    None
 Call Imp                 Summ           ######..     1%          2    None
 Poison Arrow             Conj/Pois      #######...   1%          6    #####..
 Regeneration             Chrm/Necr      ###.......   3%          3    None
 Sting                    Conj/Pois      ####         0%          1    None
 Tukima's Dance           Hex            #####...     1%          3    None
 Summon Demon             Summ           ######....   2%          5    ###....
 Summon Greater Demon     Summ           ######....   56%         7    ######.
 Stone Arrow              Conj/Erth      ######       1%          3    None
 Shock                    Conj/Air       ####         1%          1    None
 Swiftness                Chrm/Air       ###.....     1%          2    None
 Recall                   Summ/Tloc      N/A          1%          3    None
 Spider Form              Tmut/Pois      ######....   1%          3    None
 Blade Hands              Tmut           ###.......   32%         5    ###....
 Statue Form              Tmut/Erth      ######...    13%         6    #####..
 Ice Form                 Ice/Tmut       ###.....     12%         4    None
 Dragon Form              Tmut           ###.......   100%        7    ######.
 Deflect Missiles         Chrm/Air       ###.......   85%         6    #####..
 Throw Icicle             Conj/Ice       ######..     1%          4    None
 Glaciate                 Conj/Ice       ######....   100%        9    #######
 Confusing Touch          Hex            #####.       1%          1    None
 Passwall                 Tmut/Erth      ######..     1%          2    None
 Sticks to Snakes         Tmut           ###.....     1%          2    None
 Call Canine Familiar     Summ           ######..     1%          3    None
 Metabolic Englaciation   Hex/Ice        ####......   12%         5    ###....
 Summon Butterflies       Summ           ######..     1%          1    None
 Silence                  Hex/Air        ####......   12%         5    ###....
 Static Discharge         Conj/Air       ######..     1%          3    None
 Lee's Rapid Deconstruct  Erth           #######...   1%          5    ###....
 Sandblast                Erth           ######       0%          1    None
 Conjure Ball Lightning   Conj/Air       ######....   9%          6    #####..
 Petrify                  Tmut/Erth      ######..     1%          4    None
 Passage of Golubria      Tloc           N/A          12%         4    None
 Malign Gateway           Summ/Tloc      #####.....   92%         7    ######.
 Leda's Liquefaction      Hex/Erth       ######....   1%          4    None
 Darkness                 Hex            #####.....   24%         6    #####..
 Beastly Appendage        Tmut           ###...       1%          1    None
 Dazzling Spray           Conj/Hex       ######       1%          3    None
 Force Lance              Conj/Tloc      ######..     1%          4    None
 Song of Slaying          Chrm           ###.....     1%          2    None
 Discord                  Hex            #####.....   100%        8    #######
 Summon Forest            Summ/Tloc      #####.....   9%          5    ###....
 Summon Lightning Spire   Summ/Air       #####...     3%          4    None
 Summon Guardian Golem    Hex/Summ       ######..     1%          3    None
 Hydra Form               Tmut           ###.......   85%         6    #####..
 Irradiate                Conj/Tmut      ######....   1%          5    ###....
 Gell's Gravitas          Tloc           ###.......   3%          3    None
 Yara's Violent Unravell  Hex/Tmut       ####......   12%         5    ###....
 Lesser Beckoning         Tloc           ###.......   3%          3    None
 Poisonous Vapours        Pois/Air       ######       1%          2    None


Dungeon Overview and Level Annotations

Branches:
Dungeon (14/15)            Temple (0/1) D:5            Lair (6/6) D:10
  Swamp (0/4) Lair:2       Spider (0/4) Lair:4        Slime (0/5) Lair:6
    Orc (2/2) D:9             Elf (0/3) Orc:2        Vaults (0/5) D:13

Altars:
Ashenzari
Cheibriados
Fedhas
Gozag
Nemelex Xobeh
Qazlal
Sif Muna
Trog
Uskayaw
Vehumet
Yredelemnul
The Shining One
Beogh
Jiyva

Shops:
D:9 *   D:12 ?:   Orc:2 [(![

Annotations:
D:2 1 runed door
D:3 urutzu's ghost, amateur SpAs
D:6 2 transporters
Lair:1 exclusion: oklob plant


Innate Abilities, Weirdness & Mutations

You have a pair of antennae on your head.
You are surrounded by a strong repulsion field. (EV +4, RMsl)
You are partially covered in sharp spines.
When hurt, damage is shared between your health and your magic reserves.
You regenerate magic rapidly.
Your mind is acute. (Int +2)
You rapidly evolve.


Message History

The orc warlord unwields an uncursed battleaxe of chopping.
The orc warlord wields an arbalest.
The orc warlord shoots a bolt.
You block the bolt.
An orc warrior comes into view. It is wielding a battleaxe.
A cyclops comes into view.
The stone giant shouts!
You see here a bolt.
Casting: Iron Shot (safe; 1% risk of failure)
Confirm with . or Enter, or press ? or * to list all spells.
You feel a surge of power!
You begin to radiate toxic energy.
The cyclops shouts!
The cyclops is poisoned.
The orc knight is poisoned.
The cyclops is poisoned. x2
The orc knight is poisoned. x2; The stone giant is poisoned.
The orc knight is poisoned. x2; The two-headed ogre is poisoned.
The orc warrior is poisoned.
The ogre mage is poisoned.
The orc sorcerer is poisoned.
The orc warlord is poisoned.
The orc knight roars a battlecry!
The orc knight goes into a battle-frenzy!
The orc knight is struck by your spines.
The orc knight hits you with an enchanted great sword!!!
The orc warlord shoots a bolt.
The bolt is repelled.
You take 32 damage, and have 71/103 hp.
MASSIVE DAMAGE!!
You now have 17/29 mp.
Unknown command.
Unknown command.
Unknown command.
Unknown command.
Unknown command.
Unknown command.
There is a transporter landing site here.
You can't go down here!
Unknown command.
Casting: Olgreb's Toxic Radiance (safe; 1% risk of failure)
Confirm with . or Enter, or press ? or * to list all spells.
Aiming: Iron Shot (safe; 1% risk of failure)
Press: ? - help, Shift-Dir - straight line, f - orc knight
Aim: an orc knight, wielding an enchanted great sword and wearing a chain mail (moderately wounded, unusually strong, poisoned)
The iron shot hits the orc knight.
The orc knight is almost dead.
You are feeling hungry.
You kill the orc knight!
Sif Muna accepts your kill.
Your toxic aura wanes.
The cyclops looks more healthy.
The ogre mage looks more healthy.
You now have 13/29 mp.
Use which ability? (? or * to list)
Okay, then.
Casting: Iron Shot (safe; 1% risk of failure)
Confirm with . or Enter, or press ? or * to list all spells.
You feel a surge of power!
You begin to radiate toxic energy.
The orc knight looks even sicker.
The cyclops looks more healthy.
You now have 9/29 mp.
Unknown command.
The orc warlord looks even sicker.
The orc knight looks more healthy.
The ogre mage is poisoned.
The ogre mage misses you.
Casting: Olgreb's Toxic Radiance (safe; 1% risk of failure)
Confirm with . or Enter, or press ? or * to list all spells.
Aiming: Iron Shot (safe; 1% risk of failure)
Press: ? - help, Shift-Dir - straight line, f - ogre mage
Aim: an ogre mage, wielding a halberd and wearing a robe (lightly wounded, poisoned)
Okay, then.
Use which ability? (? or * to list)
You feel somewhat more hungry.
The orc knight looks even sicker.
The orc knight is poisoned.
The ogre mage looks even sicker.
The orc warlord looks even sicker.
Your toxic aura wanes.
The ogre mage closely misses you.
You regained 6 mp, and now have 16/29 mp.
Casting: Iron Shot (safe; 1% risk of failure)
Confirm with . or Enter, or press ? or * to list all spells.
Aiming: Iron Shot (safe; 1% risk of failure)
Press: ? - help, Shift-Dir - straight line, f - ogre mage
Aim: an ogre mage, wielding a halberd and wearing a robe (moderately wounded, poisoned)
The iron shot hits the ogre mage.
The ogre mage is almost dead.
You are feeling very hungry.
The orc knight barely misses you.
The ogre mage gestures at something while chanting.
You now have 13/29 mp.
Unknown command.
Casting: Iron Shot (safe; 1% risk of failure)
Confirm with . or Enter, or press ? or * to list all spells.
You summon a servant imbued with your destructive magic!
The orc knight hits you with a war axe!!!
* * * LOW HITPOINT WARNING * * *
The ogre mage completely misses you.
You take 40 damage, and have 37/103 hp.
MASSIVE DAMAGE!!
You now have 4/29 mp.
Casting: Spellforged Servitor (safe; 12% risk of failure)
Confirm with . or Enter, or press ? or * to list all spells.
Aiming: Iron Shot (safe; 1% risk of failure)
Press: ? - help, Shift-Dir - straight line, f/p - ogre mage
Aim: an ogre mage, wielding a halberd and wearing a robe (almost dead, poisoned)
Okay, then.
A cyclops comes into view.
The cyclops shouts!
The orc knight no longer looks unusually strong. x2
The orc knight is struck by your spines.
The orc knight hits you with a great mace of holy wrath!!!
* * * LOW HITPOINT WARNING * * *
You convulse!!
You die... .......█.█.██ .C.█.█. .....█.█.█..█ █....... █ █..█.█.█.█████{██C8.8$██ █ █..█.█.█.█████.█..C⌂$.. █ █ █..█........██.██C8)8.██.█ █████ .........█████.█.?(){{{█.█ █.... ███.███████.██..OO█o█{...█ █.███ █...█ █.██.8o█████(..█ █.█ █...█ █.█ █.@.oooo.(██ █.█ █...█ █.█ ███████████ ███.███ ██.██ █.█ █████

█.....█ ████.█ █.█
█.©.█ █.███.█ ..██.█
██.█ █..██ █.█ █..
..██.█████..█ █.██
██.███.█
█.██.██.....██ █.█
█....>.█
██...[..█....█████(██
█.██████
██..██...........(.█
█.█████.


You could see an orc warlord, 4 orc knights, a two-headed ogre, an ogre mage, 3
cyclopes and a friendly spellforged servitor.

Vanquished Creatures
  2 orc warlords (Orc:2)
  A very ugly thing (D:13)
  A stone giant (D:13)
  Azrael (D:12)
  A minotaur (Lab)
  Snorg (Orc:2)
  Josephine (D:10)
  Erolcha (Orc:2)
  3 centaur warriors
  5 hydras
  3 catoblepae (Lair:6)
  7 death yaks (Lair:6)
  9 two-headed ogres
  2 orc high priests (Orc:2)
  2 unseen horrors
  An unseen horror (shapeshifter) (D:13)
  2 orc sorcerers
  7 ugly things
  5 orc knights
  A deep elf mage (D:13)
  A wolf spider (Lair:4)
  2 manticores (Lair:6)
  A moth of wrath (shapeshifter) (D:13)
  2 cyclopes
  13 elephants
  Maurice (D:10)
  8 spiny frogs
  4 black mambas
  Psyche (D:10)
  A gargoyle (D:13)
  A kobold demonologist (D:14)
  7 komodo dragons
  A queen bee (Lair:2)
  2 tengu conjurers (D:11)
  3 jumping spiders (Lair:4)
  2 polar bears
  2 hornets
  7 trolls
  5 slime creatures
  10 hippogriffs
  8 blink frogs
  A redback (Lair:4)
  6 wyverns
  5 wraiths
  8 basilisks
  48 yaks
  A hungry ghost (D:12)
  3 vampire mosquitoes (D:13)
  Edmund (D:4)
  A soldier ant (D:11)
  10 wargs
  A hell hound (D:12)
  13 water moccasins
  An acid dragon (D:13)
  Duvessa (D:7)
  42 orc warriors
  A meliai simulacrum (D:13)
  7 porcupines
  2 ice beasts
  2 black bears
  3 eyes of draining
  3 phantoms
  4 sky beasts
  3 necrophages
  7 centaurs
  An ogre (shapeshifter) (D:14)
  14 ogres
  20 crocodiles
  12 wolves
  4 big kobolds
  A big kobold (shapeshifter) (D:13)
  13 bullfrogs
  A gnoll sergeant (Orc:2)
  Dowan (D:7)
  A water moccasin zombie (D:5)
  9 scorpions
  18 killer bees
  9 wights
  7 jellies
  2 electric eels (Lair:2)
  2 howler monkeys
  3 crimson imps
  4 centaur zombies
  2 bullfrog skeletons (D:7)
  A bullfrog zombie (D:5)
  7 hounds
  A wyvern simulacrum (D:14)
  30 orc priests
  2 iguanas
  Natasha (D:2)
  33 orc wizards
  11 worker ants
  A hound skeleton (D:7)
  19 gnolls
  2 howler monkey skeletons
  9 adders
  A shadow imp (D:7)
  12 white imps
  12 oozes
  2 worms
  A dart slug (D:5)
  4 leopard geckos
  157 orcs
  A ball python (D:6)
  5 bats
  6 giant cockroaches
  15 hobgoblins
  6 jackals
  6 quokkas
  5 frilled lizards
  6 goblins
  2 jackal skeletons
  29 kobolds
  A quokka zombie (D:6)
  7 rats
  3 fungi (Lair:5)
834 creatures vanquished.

Vanquished Creatures (collateral kills)
  A hydra (D:13)
  2 centaur warriors (D:13)
  A death knight (D:13)
  An ogre mage (D:13)
  Nergalle (D:12)
  3 skeletal warriors (D:11)
  A wizard (D:13)
  8 ugly things
  A cyclops (D:13)
  A komodo dragon (D:13)
  3 slime creatures (D:14)
  2 hippogriffs
  A yak (D:7)
  3 fire elementals (D:12)
  A hungry ghost (D:13)
  An acid dragon (D:13)
  A hell hound (D:12)
  A water moccasin (D:11)
  An ice beast (D:12)
  2 wights (D:7)
  A bullfrog skeleton (D:11)
  2 orc wizards
  An orc (D:13)
40 creatures vanquished.

Vanquished Creatures (others)
  11 fulminant prisms
  4 fungi
  3 plants
18 creatures vanquished.

Grand Total: 892 creatures vanquished

Notes
Turn   | Place    | Note
-------+----------+-------------------------------------------
     0 | D:1      | Goblin1989 the Demonspawn Venom Mage began the quest for the Orb.
     0 | D:1      | Reached XP level 1. HP: 13/13 MP: 3/3
   269 | D:1      | Gained mutation: When hurt, damage is shared between your health and your magic reserves. [demonic ancestry]
   269 | D:1      | Reached XP level 2. HP: 19/19 MP: 0/5
  1417 | D:2      | Reached skill level 2 in Conjurations
  1469 | D:2      | Gained mutation: You have a pair of small antennae on your head. [demonic ancestry]
  1469 | D:2      | Reached XP level 3. HP: 24/24 MP: 1/6
  1473 | D:2      | Learned a level 2 spell: Poisonous Vapours
  1798 | D:2      | Found a faded altar of an unknown god.
  2063 | D:2      | Found a runed door.
  2128 | D:2      | Found a deep blue altar of Sif Muna.
  2129 | D:2      | Noticed Natasha
  2134 | D:2      | Killed Natasha
  2134 | D:2      | Reached XP level 4. HP: 30/30 MP: 1/7
  2140 | D:2      | Became a worshipper of Sif Muna the Loreminder
  3023 | D:3      | Learned a level 4 spell: Olgreb's Toxic Radiance
  3023 | D:3      | Found a runed gate.
  3023 | D:3      | Found a runed gate.
  3023 | D:3      | Found a runed gate.
  3023 | D:3      | Noticed urutzu's ghost (amateur SpAs)
  3023 | D:3      | Noticed a big kobold
  3102 | D:3      | Reached skill level 3 in Conjurations
  3486 | D:3      | Gained mutation: You are partially covered in sharp spines. [demonic ancestry]
  3486 | D:3      | Reached XP level 5. HP: 30/35 MP: 2/9
  3779 | D:4      | Reached * piety under Sif Muna
  3880 | D:4      | Reached XP level 6. HP: 41/41 MP: 6/10
  3964 | D:4      | Reached skill level 4 in Conjurations
  3964 | D:4      | Reached skill level 5 in Poison Magic
  4493 | D:4      | Reached XP level 7. HP: 46/46 MP: 5/12
  4969 | D:4      | Reached skill level 5 in Conjurations
  5049 | D:4      | Reached ** piety under Sif Muna
  5211 | D:4      | Noticed Edmund
  5260 | D:4      | Killed Edmund
  5268 | D:4      | Learned a level 3 spell: Mephitic Cloud
  5360 | D:4      | Found a blossoming altar of Fedhas.
  5368 | D:4      | Found a sparkling altar of Nemelex Xobeh.
  5488 | D:5      | Entered Level 5 of the Dungeon
  5812 | D:5      | Found a staircase to the Ecumenical Temple.
  5912 | D:5      | Reached XP level 8. HP: 45/52 MP: 5/14
  5989 | D:5      | Learned a level 5 spell: Venom Bolt
  6271 | D:5      | Found a bloodstained altar of Trog.
  6276 | D:5      | Reached skill level 6 in Conjurations
  6481 | D:6      | Reached *** piety under Sif Muna
  6574 | D:6      | Found a deep blue altar of Sif Muna.
  6623 | D:6      | Found a transporter.
  6624 | D:6      | Noticed a skeletal warrior
  6626 | D:6      | Found a basalt altar of Yredelemnul.
  6626 | D:6      | Found a hide-covered altar of Uskayaw.
  6652 | D:6      | Found a transporter.
  7157 | D:6      | Found a snail-covered altar of Cheibriados.
  7176 | D:6      | Reached skill level 7 in Conjurations
  7553 | D:6      | Reached skill level 5 in Spellcasting
  8073 | D:6      | Gained mutation: You regenerate magic rapidly. [demonic ancestry]
  8073 | D:6      | Reached XP level 9. HP: 57/57 MP: 8/16
  8248 | D:7      | Learned a level 3 spell: Summon Guardian Golem
  8443 | D:7      | Reached **** piety under Sif Muna
  8443 | D:7      | Reached skill level 1 in Hexes
  8443 | D:7      | Reached skill level 1 in Summonings
  8479 | D:7      | Reached skill level 8 in Conjurations
  9033 | D:7      | Noticed Duvessa
  9035 | D:7      | Noticed Dowan
  9046 | D:7      | Killed Duvessa
  9046 | D:7      | Killed Dowan
  9065 | D:7      | Reached ***** piety under Sif Muna
  9242 | D:7      | Gained mutation: You are surrounded by a mild repulsion field. (EV +2) [demonic ancestry]
  9242 | D:7      | Reached XP level 10. HP: 63/63 MP: 13/18
  9410 | D:7      | Identified Sif Muna's Grimoire of Lucky Combat Magic {god gift} (Sif Muna gifted it to you on level 7 of the Dungeon)
  9410 | D:7      | Received a gift from Sif Muna
  9575 | D:8      | Found a stormy altar of Qazlal.
 10064 | D:8      | Reached skill level 9 in Conjurations
 10638 | D:9      | Found Kickuse's Assorted Antiques.
 10808 | D:9      | Bought a scroll labeled MURUOB PUPRUWI for 22 gold pieces
 10943 | D:9      | Found a staircase to the Orcish Mines.
 11147 | D:9      | Noticed a two-headed ogre
 11243 | D:9      | Killed a two-headed ogre
 11380 | D:9      | Found a shattered altar of Ashenzari.
 11473 | D:9      | Found a glowing golden altar of the Shining One.
 11488 | D:9      | Reached skill level 10 in Poison Magic
 11592 | D:9      | Identified Nacoal's Collected Works on Earthen Feathers {god gift} (Sif Muna gifted it to you on level 9 of the Dungeon)
 11592 | D:9      | Received a gift from Sif Muna
 11890 | D:10     | Entered Level 10 of the Dungeon
 12060 | D:10     | Found a staircase to the Lair.
 12061 | D:10     | Noticed an elephant
 12097 | D:10     | Killed an elephant
 12097 | D:10     | Reached skill level 1 in Invocations
 12286 | D:10     | Reached XP level 11. HP: 65/69 MP: 19/21
 12306 | D:10     | Noticed Psyche
 12317 | D:10     | Killed Psyche
 12317 | D:10     | Reached skill level 10 in Conjurations
 12682 | D:10     | Noticed Josephine
 12696 | D:10     | Upgraded the game from 0.23-a0-4-g8f018a2 to 0.23-a0-8-gb809bb7
 12903 | Orc:1    | Entered Level 1 of the Orcish Mines
 12903 | Orc:1    | Noticed an orc sorcerer
 12958 | D:9      | Killed an orc sorcerer
 13140 | Orc:1    | Found a frozen archway.
 13146 | IceCv    | Entered an ice cave
 13162 | IceCv    | Learned a level 6 spell: Iron Shot
 13180 | IceCv    | Reached skill level 1 in Earth Magic
 13512 | Orc:1    | Noticed an orc knight
 13578 | D:9      | Killed an orc knight
 13855 | Orc:1    | Noticed an orc knight
 13882 | Orc:1    | Killed an orc knight
 13882 | Orc:1    | Received a gift from Sif Muna
 13882 | Orc:1    | Reached skill level 5 in Earth Magic
 14149 | Orc:1    | Noticed an orc knight
 14173 | Orc:1    | Killed an orc knight
 14449 | Lair:1   | Entered Level 1 of the Lair of Beasts
 14530 | Lair:1   | Found the ring of the Mage {Wiz MR++ Int+3}
 15080 | Lair:1   | Gained mutation: You are surrounded by a moderate repulsion field. (EV +3) [demonic ancestry]
 15080 | Lair:1   | Reached XP level 12. HP: 75/75 MP: 19/22
 15212 | Lair:1   | Identified Sif Muna's Compendium of Creative Battle Magic {god gift} (Sif Muna gifted it to you on level 1 of the Lair of Beasts)
 15212 | Lair:1   | Received a gift from Sif Muna
 15345 | Lair:1   | Reached skill level 11 in Conjurations
 16205 | Lair:2   | Found a staircase to the Swamp.
 16414 | Lair:2   | Got a fine morningstar
 16415 | Lair:2   | Identified the +5 morningstar "Deqidd" {venom, *Contam +Rage Str+8 Dex+3} (You found it on level 2 of the Lair of Beasts)
 17002 | Lair:3   | Found a labyrinth entrance.
 17014 | Lab      | Entered a labyrinth
 17242 | Lab      | Noticed a minotaur
 17255 | Lab      | Killed a minotaur
 17260 | Lab      | Got a shimmering great sword {venom}
 17276 | Lab      | Found the amulet of the Air {Inacc +Fly rElec EV+5 RMsl}
 17276 | Lab      | Got an ebony halberd
 17556 | Lair:3   | Reached skill level 1 in Fighting
 18523 | Lair:4   | Reached skill level 5 in Invocations
 18809 | Lair:4   | Identified Sif Muna's Reference Book on Feathers and Summoning {god gift} (Sif Muna gifted it to you on level 4 of the Lair of Beasts)
 18809 | Lair:4   | Received a gift from Sif Muna
 18811 | Lair:4   | Reached skill level 12 in Conjurations
 18818 | Lair:4   | Found a hole to the Spider Nest.
 19683 | Lair:4   | Learned a level 4 spell: Fulminant Prism
 19721 | Lair:4   | Identified the cursed +0 great sword of Makhleb's Benevolence {venom, Dex+8} (You took it off a minotaur in a labyrinth)
 19745 | Lair:4   | Gained mutation: You evolve. [mutagenic glow]
 20073 | Lair:5   | Noticed a six-headed hydra
 20089 | Lair:5   | Killed a six-headed hydra
 20137 | Lair:5   | Gained mutation: You are surrounded by a strong repulsion field. (EV +4, RMsl) [demonic ancestry]
 20137 | Lair:5   | Reached XP level 13. HP: 85/85 MP: 18/25
 21663 | Lair:6   | Entered Level 6 of the Lair of Beasts
 21820 | Lair:6   | Found a staircase to the Slime Pits.
 21903 | Lair:6   | Reached skill level 10 in Earth Magic
 21923 | Lair:6   | Received a gift from Sif Muna
 21992 | Lair:6   | Got a polished hand axe
 22015 | Lair:6   | Found a viscous altar of Jiyva.
 22602 | Lair:6   | Reached skill level 13 in Conjurations
 22843 | Lair:6   | Found an opulent altar of Gozag.
 22893 | Lair:6   | Gained mutation: You rapidly evolve. [evolution]
 23385 | Lair:6   | Got a heavily runed plate armour
 23427 | Lair:6   | Reached XP level 14. HP: 96/96 MP: 23/27
 23454 | Lair:6   | Reached skill level 5 in Fighting
 23470 | Lair:6   | Identified Miste's Guide on the Volcanoes and Attacks {god gift} (Sif Muna gifted it to you on level 6 of the Lair of Beasts)
 23470 | Lair:6   | Received a gift from Sif Muna
 23879 | Lair:6   | Identified the Disquisition on the Creative Traveller
 23899 | Lair:6   | Identified the +9 plate armour "Loffa" {rElec rC- Int+4 SInv} (You found it on level 6 of the Lair of Beasts)
 24075 | D:10     | Killed Josephine
 24226 | D:10     | Got a jewelled ring mail
 24290 | D:10     | Noticed Maurice
 24302 | D:10     | Killed Maurice
 24578 | Orc:2    | Entered Level 2 of the Orcish Mines
 24601 | Orc:2    | Noticed Snorg
 24614 | Orc:2    | Killed Snorg
 25016 | Orc:2    | Reached ****** piety under Sif Muna
 25039 | Orc:2    | Found a roughly hewn altar of Beogh.
 25108 | Orc:2    | Found a roughly hewn altar of Beogh.
 25219 | Orc:2    | Noticed Erolcha
 25354 | Orc:2    | Killed Erolcha
 25405 | Orc:2    | Upgraded the game from 0.23-a0-8-gb809bb7 to 0.23-a0-14-g8c9a20f
 25508 | Orc:2    | Gained mutation: Your muscles are strong. (Str +2) [evolution]
 25510 | Orc:2    | Found a roughly hewn altar of Beogh.
 25538 | Orc:2    | Found Bipet's Antique Armour Boutique.
 25543 | Orc:2    | Bought a shadowed robe for 148 gold pieces
 25553 | Orc:2    | Identified the +4 ring mail of the Tundras {*Drain +Fly Stlth+} (You found it on level 10 of the Dungeon)
 25563 | Orc:2    | Identified the cursed +0 robe of the Doldrums {rElec rPois rF++ Regen+} (You bought it in a shop on level 2 of the Orcish Mines)
 25648 | Orc:2    | Found a roughly hewn altar of Beogh.
 25721 | Orc:2    | Found a roughly hewn altar of Beogh.
 25762 | Orc:2    | Found Tyan Qio's Distillery.
 25770 | Orc:2    | Bought a potion of cancellation for 112 gold pieces
 25770 | Orc:2    | Bought a potion of ambrosia for 112 gold pieces
 25770 | Orc:2    | Bought a potion of degeneration for 14 gold pieces
 25865 | Orc:2    | Identified Sif Muna's Compendium of Freezing Enchantment {god gift} (Sif Muna gifted it to you on level 2 of the Orcish Mines)
 25865 | Orc:2    | Received a gift from Sif Muna
 25870 | Orc:2    | Found a staircase to the Elven Halls.
 26199 | Orc:2    | Reached skill level 14 in Conjurations
 26216 | Orc:2    | Noticed an orc warlord
 26224 | Orc:2    | Found a roughly hewn altar of Beogh.
 26269 | Orc:2    | Killed an orc warlord
 26455 | Orc:2    | Noticed an orc warlord
 26474 | Orc:2    | Killed an orc warlord
 26578 | Orc:2    | Found Agoyrutenni's Antique Weapon Emporium.
 26578 | Orc:2    | Found a roughly hewn altar of Beogh.
 26581 | Orc:2    | Found Tayssohy's Antique Armour Shoppe.
 26586 | Orc:2    | Bought a pair of faintly glowing gloves for 323 gold pieces
 26596 | Orc:2    | Identified the +2 pair of gloves of a treasure trove {*Drain +Blink rPois MR+} (You bought it in a shop on level 2 of the Orcish Mines)
 26949 | Orc:2    | Learned a level 7 spell: Spellforged Servitor
 26959 | Orc:2    | Learned a level 8 spell: Lehudib's Crystal Spear
 27346 | D:11     | Reached skill level 5 in Summonings
 27542 | D:11     | Reached skill level 10 in Spellcasting
 27803 | D:11     | Lost mutation: Your muscles are strong. (Str +2) [evolution]
 28088 | D:11     | Identified the +1 hand axe of the Unspeakable One {freeze, SInv} (You found it on level 6 of the Lair of Beasts)
 28312 | D:12     | Found Noguk's Book Shoppe.
 28318 | D:12     | Bought a book of Transfigurations for 550 gold pieces
 28318 | D:12     | Bought a book of Necromancy for 300 gold pieces
 28413 | D:12     | Noticed Azrael
 28416 | D:12     | Identified Sif Muna's Advanced Steps in Secret Knowledge {god gift} (Sif Muna gifted it to you on level 12 of the Dungeon)
 28416 | D:12     | Received a gift from Sif Muna
 28419 | D:12     | Killed Azrael
 28423 | D:12     | Noticed Nergalle
 28430 | D:12     | Killed Nergalle
 28598 | D:12     | Found a shattered altar of Ashenzari.
 28630 | D:12     | Found Moalleug's Magic Scroll Boutique.
 28635 | D:12     | Bought a scroll of magic mapping for 59 gold pieces
 28964 | D:13     | Found the +9 staff of Olgreb {rPois}
 29386 | D:13     | Gained mutation: You have a pair of antennae on your head. [demonic ancestry]
 29386 | D:13     | Reached XP level 15. HP: 103/103 MP: 16/29
 29968 | D:13     | Found a gate to the Vaults.
 30098 | D:13     | Identified Otoraum's Volume of Dislocated Feathers {god gift} (Sif Muna gifted it to you on level 13 of the Dungeon)
 30098 | D:13     | Received a gift from Sif Muna
 30682 | D:13     | Got a twisted buckler
 30688 | D:13     | Identified the +5 buckler "Suatz" {rF+} (You found it on level 13 of the Dungeon)
 30819 | D:13     | Reached skill level 1 in Shields
 30893 | D:13     | Gained mutation: Your mind is acute. (Int +2) [evolution]
 31328 | D:14     | Found a transporter.
 31389 | D:14     | Found a radiant altar of Vehumet.
 31912 | D:14     | Reached skill level 15 in Conjurations
 32793 | D:14     | Found a roughly hewn altar of Beogh.
 32796 | D:14     | Noticed an orc warlord
 32808 | D:14     | Annihilated by an orc knight

Vault maps used:
D:1:      eino_arrival_water_cross, serial_corexii_hall, corexii_hall_statues_x,
          corexii_hall_statues_u
D:2:      nicolae_overflow_crystal_walls, chequers_ecumenical_altar_island,
          first_ration, minmay_misc_feat_encased, minmay_parallelograms,
          corexii_leaking_fountain, uniq_crazy_yiuf_cottage, uniq_natasha
D:3:      gammafunk_ghost_nasty_kobolds
D:4:      minitemple, uniq_edmund
D:5:      trog_eyes_of_draining, minmay_temple_entry_purple_smoke
D:6:      gammafunk_temple_overflow_arena, cheibriados_altar_1, basic_altar
D:7:      minmay_bent, uniq_duvessa
D:8:      lemuel_crystal_altar, grunt_pizzeria
D:9:      nicolae_tso_carved_into_rock, kennysheep_little_box, orc_david_3,
          serial_shops, shop, corexii_checkpoint_b, kennysheep_generic_room_15
D:10:     david_lair_generic, uniq_psyche, uniq_josephine, uniq_maurice
D:11:     corner_web_ring
D:12:     serial_shops, shop, shop, minivault_16, spider_trap,
          ashenzari_altar_1, uniq_nergalle, uniq_azrael
D:13:     minmay_swirls_squares, david_vaults_2, grunt_decor_one_mirror
D:14:     gammafunk_beogh_shrine, basic_altar
Lair:1:   minmay_lair_oklob_chamber, grunt_megastairs_5,
          infiniplex_staircase_pool
Lair:2:   swamp_mist, serial_bayou_shore_a, grunt_megastairs_2,
          infiniplex_staircase_pool_2
Lair:3:   wad_woods_04, lab_entry_generic, lemuel_fruit_tree
Lair:4:   spider_nest_entry_funnel_web
Lair:5:   lemuel_slime, grunt_megastairs_3
Lair:6:   evilmike_catoblepas_cave, slime_altar_1, basic_altar
Orc:1:    portal_ice_cave_entry_imps
Orc:2:    grunt_orc_community_town_hall, grunt_orc_community_big_house_2,
          grunt_orc_community_big_house_1, grunt_orc_community_house_2,
          grunt_orc_community_house_2, grunt_orc_community_house_1,
          grunt_orc_community_house_1, grunt_orc_community_house_1,
          grunt_orc_community_house_2, minmay_orc_temple_a, uniq_snorg,
          uniq_erolcha
Lab:      labyrinth_mini_lab, lab_statue, nicolae_lab_blocks
IceCv:    ice_cave_caverns_03

Skill      XL: |  1  2  3  4  5  6  7  8  9 10 11 12 13 14 15 |
---------------+----------------------------------------------+-----
Conjurations   | 2 3 4 5 7 8 9 10 12 13 14 15 | 15.1
Poison Magic   | 4 5 6 7 9 10 | 10.0
Spellcasting   | 3 4 5 6 7 8 9 10 | 10.5
Dodging        | 2 3 4 |  4.1
Hexes          | 2 4 |  4.8
Summonings     | 2 4 5 6 |  6.3
Invocations    | 1 3 5 7 8 |  8.0
Earth Magic    | 7 9 10 12 | 12.7
Fighting       | 2 4 5 |  5.0
Shields        | 4 |  4.1
Maces & Flails | |  0.7
Stealth        | |  1.7

Action                   |  1- 3 |  4- 6 |  7- 9 | 10-12 | 13-15 || total
-------------------------+-------+-------+-------+-------+-------++-------
Melee: Unarmed           |     1 |       |       |       |       ||     1
       Short sword       |     2 |       |       |       |       ||     2
       Whip              |       |     4 |   137 |   155 |       ||   296
       Dagger            |       |       |       |    30 |       ||    30
       Morningstar       |       |       |       |     9 |    70 ||    79
       Staff             |       |       |       |       |    16 ||    16
Throw: Tomahawk          |    12 |     2 |       |       |       ||    14
 Cast: Sting             |    56 |    59 |    11 |       |       ||   126
       Poisonous Vapours |     1 |    28 |    56 |   185 |    96 ||   366
       Olgreb's Toxic Ra |       |     1 |    28 |   104 |   227 ||   360
       Mephitic Cloud    |       |       |     1 |     4 |       ||     5
       Summon Guardian G |       |       |     7 |     5 |       ||    12
       Venom Bolt        |       |       |       |     2 |       ||     2
       Iron Shot         |       |       |       |    32 |   195 ||   227
       Fulminant Prism   |       |       |       |       |    11 ||    11
       Spellforged Servi |       |       |       |       |    21 ||    21
Invok: Forget Spell      |       |       |       |     1 |       ||     1
       Divine Energy     |       |       |       |     1 |       ||     1
       Channel Magic     |       |       |       |       |     4 ||     4
Evoke: Wand              |       |       |       |     6 |     9 ||    15
       Staff of Olgreb   |       |       |       |       |     3 ||     3
  Use: Potion            |       |     1 |       |     3 |       ||     4
       Scroll            |       |       |     3 |    13 |    20 ||    36
 Stab: Sleeping          |       |     1 |     1 |     1 |       ||     3
  Eat: Chunk             |     4 |    10 |    11 |    34 |    73 ||   132
       Ration            |       |       |     3 |     7 |     9 ||    19
Armor: Robe              |     9 |     2 |       |     4 |    13 ||    28
       Leather armour    |       |     1 |    18 |     2 |       ||    21
       Troll leather arm |       |       |       |    57 |    24 ||    81
Dodge: Dodged            |    17 |    10 |    74 |   262 |   180 ||   543
       Deflected         |       |       |       |       |    47 ||    47
Block: Buckler           |       |       |       |       |    13 ||    13

Table legend:
 A = Spawn XP
 B = Non-spawn XP
 C = Spawn XP percentage of total XP
 D = Spawn monster count
 E = Non-spawn monster count
 F = Spawn count percentage of total count
 G = Total turns spent on level
                    A         B        C        D         E        F      G
               +---------+---------+-------+---------+---------+-------+---------
         Total |       0 |  135884 |   0.0 |       0 |     871 |   0.0 | 32808
               +---------+---------+-------+---------+---------+-------+---------
           D:1 |       0 |      17 |   0.0 |       0 |      11 |   0.0 |   920
           D:2 |       0 |     185 |   0.0 |       0 |      21 |   0.0 |  1706
           D:3 |       0 |      98 |   0.0 |       0 |      36 |   0.0 |  1130
           D:4 |       0 |     795 |   0.0 |       0 |      28 |   0.0 |  1798
           D:5 |       0 |     630 |   0.0 |       0 |      19 |   0.0 |   911
           D:6 |       0 |    1137 |   0.0 |       0 |      25 |   0.0 |  1754
           D:7 |       0 |    3023 |   0.0 |       0 |      45 |   0.0 |  1524
           D:8 |       0 |    1407 |   0.0 |       0 |      27 |   0.0 |   845
           D:9 |       0 |    4353 |   0.0 |       0 |      43 |   0.0 |  2030
          D:10 |       0 |    5861 |   0.0 |       0 |      27 |   0.0 |  1331
          D:11 |       0 |    6760 |   0.0 |       0 |      37 |   0.0 |  1104
          D:12 |       0 |    4539 |   0.0 |       0 |      20 |   0.0 |  1088
          D:13 |       0 |   20602 |   0.0 |       0 |      59 |   0.0 |  2067
          D:14 |       0 |   14929 |   0.0 |       0 |      63 |   0.0 |  1517
        Lair:1 |       0 |    7077 |   0.0 |       0 |      32 |   0.0 |  1616
        Lair:2 |       0 |    3491 |   0.0 |       0 |      29 |   0.0 |  1054
        Lair:3 |       0 |    2476 |   0.0 |       0 |      13 |   0.0 |  1184
        Lair:4 |       0 |    3780 |   0.0 |       0 |      20 |   0.0 |  1514
        Lair:5 |       0 |   10219 |   0.0 |       0 |      51 |   0.0 |  1849
        Lair:6 |       0 |   22884 |   0.0 |       0 |      55 |   0.0 |  2195
         Orc:1 |       0 |    3399 |   0.0 |       0 |      40 |   0.0 |   990
         Orc:2 |       0 |   16115 |   0.0 |       0 |     164 |   0.0 |  2182
           Lab |       0 |    1261 |   0.0 |       0 |       1 |   0.0 |   266
         IceCv |       0 |     846 |   0.0 |       0 |       5 |   0.0 |   233
               +---------+---------+-------+---------+---------+-------+---------

Vault maps used:
D:1:      eino_arrival_water_cross, serial_corexii_hall, corexii_hall_statues_x,
          corexii_hall_statues_u
D:2:      nicolae_overflow_crystal_walls, chequers_ecumenical_altar_island,
          first_ration, minmay_misc_feat_encased, minmay_parallelograms,
          corexii_leaking_fountain, uniq_crazy_yiuf_cottage, uniq_natasha
D:3:      gammafunk_ghost_nasty_kobolds
D:4:      minitemple, uniq_edmund
D:5:      trog_eyes_of_draining, minmay_temple_entry_purple_smoke
D:6:      gammafunk_temple_overflow_arena, cheibriados_altar_1, basic_altar
D:7:      minmay_bent, uniq_duvessa
D:8:      lemuel_crystal_altar, grunt_pizzeria
D:9:      nicolae_tso_carved_into_rock, kennysheep_little_box, orc_david_3,
          serial_shops, shop, corexii_checkpoint_b, kennysheep_generic_room_15
D:10:     david_lair_generic, uniq_psyche, uniq_josephine, uniq_maurice
D:11:     corner_web_ring
D:12:     serial_shops, shop, shop, minivault_16, spider_trap,
          ashenzari_altar_1, uniq_nergalle, uniq_azrael
D:13:     minmay_swirls_squares, david_vaults_2, grunt_decor_one_mirror
D:14:     gammafunk_beogh_shrine, basic_altar
Lair:1:   minmay_lair_oklob_chamber, grunt_megastairs_5,
          infiniplex_staircase_pool
Lair:2:   swamp_mist, serial_bayou_shore_a, grunt_megastairs_2,
          infiniplex_staircase_pool_2
Lair:3:   wad_woods_04, lab_entry_generic, lemuel_fruit_tree
Lair:4:   spider_nest_entry_funnel_web
Lair:5:   lemuel_slime, grunt_megastairs_3
Lair:6:   evilmike_catoblepas_cave, slime_altar_1, basic_altar
Orc:1:    portal_ice_cave_entry_imps
Orc:2:    grunt_orc_community_town_hall, grunt_orc_community_big_house_2,
          grunt_orc_community_big_house_1, grunt_orc_community_house_2,
          grunt_orc_community_house_2, grunt_orc_community_house_1,
          grunt_orc_community_house_1, grunt_orc_community_house_1,
          grunt_orc_community_house_2, minmay_orc_temple_a, uniq_snorg,
          uniq_erolcha
Lab:      labyrinth_mini_lab, lab_statue, nicolae_lab_blocks
IceCv:    ice_cave_caverns_03
